 Dungeon Crawl Stone Soup version 0.26-a0-1184-g95e395e029 (webtiles) character file.

Game seed: 18180496896529542216

86804 vvl the Lord of Darkness (level 15, -7/121 HPs)
             Began as a Demonspawn Fighter on Dec 25, 2020.
             Was the Champion of Kikubaaqudgha.
             Mangled by a snapping turtle (9 damage)
             ... on level 1 of the Shoals on Dec 28, 2020.
             The game lasted 02:50:36 (31375 turns).

vvl the Lord of Darkness (Demonspawn Fighter)      Turns: 31375, Time: 02:50:37

Health: -7/121     AC: 23    Str: 24    XL:     15   Next: 41%
Magic:  4/22       EV: 10    Int: 10    God:    Kikubaaqudgha [******]
Gold:   1769       SH: 26    Dex: 15    Spells: 6/24 levels left

rFire    + + .     SeeInvis .   D - +8 whip "Snakebite" {curare, rPois}
rCold    + + .     Faith    .   c - +0 kite shield
rNeg     . . .     Spirit   .   O - +9 plate armour of Xewk {rC+ Dex+2}
rPois    +         Reflect  +   (helmet restricted)
rElec    .         Harm     .   l - +1 cloak {rPois}
rCorr    .         Rampage  .   n - +0 pair of gloves
Will     +....                  (no boots)
Stlth    ..........             F - amulet of reflection
HPRegen  0.30/turn              x - +4 ring of evasion
MPRegen  0.18/turn              T - ring of Quagemac {rPois rF++}

@: slowed, invisible, very slow
A: antennae 2, talons 1, large bone plates 3, cold resistance 1, deformed body,
spiny 3, strong 1, freezing cloud immunity
a: Renounce Religion, Receive Corpses, Torment


You were on level 1 of the Shoals.
You worshipped Kikubaaqudgha.
Kikubaaqudgha was exalted by your worship.
You visited 4 branches of the dungeon, and saw 23 of its levels.

You collected 2081 gold pieces.
You spent 312 gold pieces at shops.

Inventory:

Hand Weapons
 g - the +5 fustibalus "Borghimua" {speed, Will+, unknown}
   (You found it on level 1 of the Shoals)

   Attacks with this weapon are significantly faster.
   It affects your willpower, your defense against some magical effects.
 D - the +8 whip "Snakebite" (weapon) {curare, rPois}
   (You found it on level 4 of the Lair of Beasts)

   It poisons the flesh of those it strikes.
   It protects you from poison.
Missiles
 J - 4 throwing nets (quivered)
 Q - 25 javelins
Armour
 c - a +0 kite shield (worn)
 l - a +1 cloak of poison resistance (worn)
 n - a +0 pair of gloves (worn)
 L - the +2 pair of boots "Xorantit" {rC++ MP+9 Str+6}
   (You acquired it on level 6 of the Lair of Beasts)

   It affects your strength (+6).
   It greatly protects you from cold.
   It affects your magic capacity (+9).
 O - the +9 plate armour of Xewk (worn) {rC+ Dex+2}
   (You found it on level 14 of the Dungeon)

   It affects your dexterity (+2).
   It protects you from cold.
Magical Staves
 r - an uncursed staff of death
Jewellery
 x - a +4 ring of evasion (left hand)
 F - an amulet of reflection (around neck)
 K - a +6 ring of intelligence
 P - an uncursed ring of wizardry
 S - an uncursed ring of ice
 T - the ring of Quagemac (right hand) {rPois rF++}
   (You found it on level 9 of the Dungeon)

   [ring of poison resistance]

   It greatly protects you from fire.
   It protects you from poison.
Wands
 b - a wand of enslavement (17)
 s - a wand of polymorph (11)
 v - a wand of paralysis (27)
 z - a wand of disintegration (19)
 A - a wand of iceblast (13)
 E - a wand of flame (11)
 U - a wand of random effects (22)
 Y - a wand of acid (10)
Scrolls
 a - 4 scrolls of blinking
 f - 5 scrolls of immolation
 h - 6 scrolls of teleportation
 i - a scroll of holy word
 j - 5 scrolls of fear
 m - 2 scrolls of magic mapping
 o - 3 scrolls of amnesia
 t - 8 scrolls of remove curse
 u - 2 scrolls of enchant weapon
 w - a scroll of summoning
 y - a scroll of brand weapon
 G - 2 scrolls of vulnerability
 N - a scroll of torment
Potions
 d - 6 potions of might
 e - 3 potions of cancellation
 k - 5 potions of haste
 p - 3 potions of berserk rage
 q - 4 potions of flight
 C - 3 potions of brilliance
 H - 6 potions of attraction
 M - a potion of resistance
 R - 2 potions of lignification
 V - a potion of ambrosia
Miscellaneous
 B - a phantom mirror


   Skills:
 + Level 12.3 Fighting
 + Level 11.2 Maces & Flails
 + Level 11.3 Armour
 + Level 11.4 Shields
 + Level 5.0 Spellcasting
 * Level 14.0 Necromancy
 - Level 2.0 Translocations


You had 6 spell levels left.
You knew the following spells:

 Your Spells              Type           Power        Failure   Level
a - Animate Dead          Necr           15%          11%         4
b - Dispel Undead         Necr           30%          11%         4
c - Corpse Rot            Necr/Air       N/A          30%         2
d - Sublimation of Blood  Necr           15%          1%          2
e - Pain                  Necr           100%         1%          1
f - Agony                 Necr           30%          30%         5

Your spell library contained the following spells:

 Spells                   Type           Power        Failure   Level
 Vampiric Draining        Necr           15%          3%          3
 Foxfire                  Conj/Fire      8%           98%         1
 Gell's Gravitas          Tloc           3%           99%         3
 Borgnjor's Vile Clutch   Necr/Erth      8%           99%         5
 Confusing Touch          Hex            2%           100%        3
 Conjure Flame            Conj/Fire      2%           100%        3
 Inner Flame              Hex/Fire       2%           100%        3
 Leda's Liquefaction      Hex/Erth       1%           100%        4
 Petrify                  Tmut/Erth      2%           100%        4
 Sticky Flame             Conj/Fire      2%           100%        4
 Bolt of Magma            Conj/Fire/Erth 1%           100%        5
 Fireball                 Conj/Fire      1%           100%        5
 Metabolic Englaciation   Hex/Ice        1%           100%        5
 Yara's Violent Unravell  Hex/Tmut       1%           100%        5
 Iron Shot                Conj/Erth      1%           100%        6
 Simulacrum               Ice/Necr       8%           100%        6
 Statue Form              Tmut/Erth      1%           100%        6
 Haunt                    Necr/Summ      8%           100%        7
 Borgnjor's Revivificati  Necr           15%          100%        8
 Infestation              Necr           15%          100%        8
 Necromutation            Tmut/Necr      8%           100%        8
 Death's Door             Necr           15%          100%        9
 Shatter                  Erth           1%           100%        9


Dungeon Overview and Level Annotations

Branches:
Dungeon (15/15)            Temple (1/1) D:6            Lair (6/6) D:9
 Shoals (1/4) Lair:2       Spider (0/4) Lair:3        Slime (0/5) Lair:5
    Orc (0/2) D:11         Vaults (0/5) D:14         Depths (0/5) D:15

Altars:
Ashenzari
Cheibriados
Dithmenos
Elyvilon
Fedhas
Gozag
Hepliaklqana
Kikubaaqudgha
Makhleb
Nemelex Xobeh
Okawaru
Qazlal
Ru
Sif Muna
Trog
Uskayaw
Vehumet
Wu Jian
Xom
Yredelemnul
Zin
The Shining One
Jiyva
Lugonu

Shops:
D:4 =   D:10 }   D:14 =(:

Portals:
Hell: Lair:6
Trove: D:13 (give 8 scrolls of blinking)

Annotations:
D:6 3 runed translucent doors, cobaltphoenix's ghost, amateur OpFi
D:13 exclusions: oklob plant and oklob sapling
Lair:5 3 runed translucent doors, Bolunijamo's ghost, journeyman GnFi; Luam's ghost, journeyman OpFi


Innate Abilities, Weirdness & Mutations

You have a pair of antennae on your head.
You are completely covered in large bone plates. (SH +8)
Your flesh is cold resistant. (rC+)
You are completely covered in sharp spines.
You are immune to freezing clouds.
You have sharp toenails.
Armour fits poorly on your strangely shaped body.
Your muscles are strong. (Str +2)


Message History

t - Shout!
Orders for allies: a - Attack new target. r - Retreat! s - Stop attacking. g - Guard the area. f - Follow me.
Anything else - Cancel.
Gang up on whom?
Press: ? - help, Dir - move target, f - snapping turtle
Aim: a snapping turtle Attack!
You block the snapping turtle's attack.
The snapping turtle bites you from afar!
* * * LOW HITPOINT WARNING * * *
Your manticore zombie bites the snapping turtle!
Your manticore zombie barely misses the snapping turtle.
Your manticore zombie claws the snapping turtle.
You block the snapping turtle's attack.
You fade into invisibility!
The snapping turtle bites you from afar!
You die...
Kikubaaqudgha rasps: "You have failed me!
Welcome... death!"

#.≈≈≈≈≈≈≈≈≈≈≈≈≈≈≈≈≈≈≈
≈.###.≈≈≈≈≈≈≈≈≈≈≈≈≈≈≈≈≈≈≈
≈≈.....≈≈≈≈≈≈≈≈≈≈≈≈≈≈≈≈≈≈≈
≈≈....≈≈≈≈≈≈≈≈≈≈≈≈≈≈≈≈≈≈≈≈
≈≈≈≈≈..≈≈≈≈≈≈≈≈≈≈≈≈≈≈≈≈≈≈≈≈≈
≈≈≈≈≈≈..≈≈≈≈≈≈≈≈≈≈≈≈≈≈≈≈≈≈≈§
≈≈≈≈≈≈...≈≈≈.tZ{Z≈≈≈≈≈≈≈≈≈≈§
≈≈≈≈..#......#{.Z.≈≈)..≈≈.§t
≈≈≈≈..##)..@#####....#.....m
≈≈≈≈.....)..# #######..m.#
≈≈≈≈........# #####)
≈≈≈≈....###.# #### ##..
≈≈≈......#### #..## ##...
≈≈≈≈........## #...###....
≈≈≈≈.........#####....##....
≈≈≈≈≈≈.≈.............####...
≈≈≈≈≈≈.≈≈..≈.....≈≈.## ##..


You could see a snapping turtle and a friendly manticore zombie.

Vanquished Creatures
  Frances (D:14)
  A minotaur (Shoals:1)
  The ghost of runemasterragnar the Covert, a journeyman GnDe of Cheibriados (Lair:1)
  Josephine (D:10)
  2 merfolk impalers (Shoals:1)
  A merfolk javelineer (Shoals:1)
  Fannar (Lair:3)
  A boulder beetle (D:15)
  A merfolk avatar (Shoals:1)
  2 centaur warriors
  9 hydras
  A catoblepas (Lair:2)
  3 two-headed ogres
  Urug (Lair:6)
  An iron troll (D:14)
  A sixfirhy (Lair:6)
  A slime creature (D:13)
  2 unseen horrors
  2 sea snakes (Shoals:1)
  2 wizards
  6 harpies (Shoals:1)
  A lindwurm (D:14)
  A necromancer (Lair:6)
  A deep elf mage (D:13)
  2 wolf spiders (Lair:3)
  2 ugly things
  4 cyclopes
  Maurice (D:8)
  11 elephants
  4 merfolk sirens
  A water nymph (Shoals:1)
  10 black mambas
  18 cane toads
  2 gargoyles
  4 centaur skeletons
  A cane toad (shapeshifter) (D:14)
  7 rime drakes
  4 kobold demonologists
  3 orange demons (Lair:6)
  8 yaktaurs (D:15)
  11 komodo dragons
  A hellwing (Lair:6)
  An ice devil (Lair:6)
  A red devil (Lair:6)
  3 trolls
  A jumping spider (Lair:3)
  4 merfolk
  3 meliai (Shoals:1)
  3 polar bears (Lair:3)
  The ghost of VictoriousLee the Carver, an amateur BaMo (D:4)
  A harpy skeleton (D:13)
  A hornet (shapeshifter) (D:15)
  2 hornets
  11 blink frogs
  A meliai zombie (D:15)
  3 snapping turtles (Shoals:1)
  An ettin zombie (D:15)
  Sigmund (D:2)
  A shadow (D:14)
  A vampire (D:14)
  7 wraiths
  A redback (Lair:3)
  A spriggan skeleton (D:15)
  27 yaks
  4 wyverns
  7 basilisks
  A human (shapeshifter) (D:14)
  3 vampire mosquitoes (D:13)
  Edmund (D:5)
  An acid dragon (D:15)
  A warg (D:11)
  5 hell hounds (Lair:6)
  A soldier ant (D:14)
  29 water moccasins
  10 orc warriors
  3 sky beasts
  8 ice beasts
  A black bear (shapeshifter) (D:14)
  A phantom (D:7)
  2 black bears
  An eye of draining (D:11)
  A necrophage (D:13)
  12 ogres
  10 wolves
  17 centaurs
  A big kobold (D:14)
  15 bullfrogs
  2 wyvern skeletons
  5 scorpions
  A water moccasin skeleton (D:5)
  11 killer bees
  6 howler monkeys
  14 wights
  An electric eel (D:14)
  2 centaur zombies
  4 quasits
  6 jellies
  11 orc priests
  A bullfrog skeleton (D:10)
  9 hounds
  Crazy Yiuf (D:4)
  8 orc wizards
  Ijyb (D:4)
  8 iguanas
  6 hell rats (Lair:6)
  12 worker ants
  2 yak simulacra (Lair:6)
  2 polar bear simulacra (Lair:6)
  3 wolf simulacra (Lair:6)
  A hound skeleton (D:8)
  A worker ant zombie (D:7)
  4 gnolls (D:3)
  28 adders
  2 shadow imps
  3 white imps
  2 ufetubi
  An ooze (D:3)
  2 adder skeletons
  6 worms
  A dart slug (D:2)
  8 leopard geckos
  41 orcs
  10 ball pythons
  16 bats
  5 giant cockroaches
  11 goblins
  11 hobgoblins
  9 jackals
  5 quokkas
  6 frilled lizards
  8 kobolds
  2 leopard gecko skeletons (D:5)
  A leopard gecko zombie (D:7)
  7 rats
  4 river rat simulacra (Lair:6)
660 creatures vanquished.

Vanquished Creatures (collateral kills)
  A merfolk impaler (Shoals:1)
  2 harpies (Shoals:1)
  A faun (Shoals:1)
  A merfolk siren (Shoals:1)
  A merfolk (Shoals:1)
  A snapping turtle (Shoals:1)
7 creatures vanquished.

Vanquished Creatures (others)
  A kobold (D:14)
  10 demonic plants (D:12)
  29 fungi
  104 plants
144 creatures vanquished.

Grand Total: 811 creatures vanquished

Notes
Turn   | Place    | Note
-------+----------+-------------------------------------------
     0 | D:1      | vvl the Demonspawn Fighter began the quest for the Orb.
     0 | D:1      | Reached XP level 1. HP: 18/18 MP: 1/1
   385 | D:1      | Gained mutation: You are partially covered in large bone
                  | plates. (SH +4) [demonic ancestry]
   385 | D:1      | Reached XP level 2. HP: 22/24 MP: 2/2
   691 | D:1      | Reached skill level 1 in Necromancy
   961 | D:2      | Reached XP level 3. HP: 25/29 MP: 3/3
  1029 | D:2      | Noticed Sigmund
  1051 | D:2      | Killed Sigmund
  1052 | D:2      | Reached skill level 2 in Necromancy
  1052 | D:2      | Gained mutation: You are mostly covered in large bone
                  | plates. (SH +6) [demonic ancestry]
  1052 | D:2      | Reached XP level 4. HP: 19/37 MP: 4/4
  1052 | D:2      | Gained mutation: You have a pair of small antennae on your
                  | head. [demonic ancestry]
  1052 | D:2      | Reached XP level 5. HP: 21/42 MP: 5/5
  1466 | D:2      | Noticed an ogre
  1484 | D:2      | Killed an ogre
  1485 | D:2      | Gained mutation: You are partially covered in sharp spines.
                  | [demonic ancestry]
  1485 | D:2      | Reached XP level 6. HP: 28/48 MP: 6/6
  1734 | D:2      | Found an iron altar of Okawaru.
  1940 | D:2      | Reached skill level 3 in Necromancy
  3002 | D:3      | Reached XP level 7. HP: 51/55 MP: 7/7
  3807 | D:4      | Found a transporter.
  3870 | D:4      | Noticed VictoriousLee's ghost (amateur BaMo)
  3874 | D:4      | Noticed Ijyb
  3930 | D:4      | Killed Ijyb
  4240 | D:4      | Found a broken altar of Ashenzari.
  4247 | D:4      | Found a sacrificial altar of Ru.
  4278 | D:4      | Found Xykul's Jewellery Boutique.
  4289 | D:4      | Reached skill level 4 in Necromancy
  4473 | D:4      | Found a transporter.
  4613 | D:4      | Found a runed translucent door.
  4614 | D:4      | Noticed Crazy Yiuf
  4624 | D:4      | Killed Crazy Yiuf
  4765 | D:5      | Entered Level 5 of the Dungeon
  4775 | D:5      | Reached skill level 5 in Fighting
  4877 | D:5      | Gained mutation: You are mostly covered in sharp spines.
                  | [demonic ancestry]
  4877 | D:5      | Reached XP level 8. HP: 62/62 MP: 8/8
  4880 | D:5      | Noticed Edmund
  4901 | D:5      | Killed Edmund
  5116 | D:5      | Found a glowing golden altar of the Shining One.
  5427 | D:5      | Reached skill level 5 in Armour
  5427 | D:5      | Reached skill level 5 in Shields
  5686 | D:6      | Reached skill level 5 in Necromancy
  5943 | D:6      | Found a staircase to the Ecumenical Temple.
  5952 | Temple   | Entered the Ecumenical Temple
  6090 | Temple   | Became a worshipper of Kikubaaqudgha
  6311 | D:6      | Found a runed translucent gate.
  6311 | D:6      | Found a runed translucent gate.
  6313 | D:6      | Found a runed translucent gate.
  6363 | D:6      | Found a stormy altar of Qazlal.
  6598 | D:6      | Found a bloodstained altar of Trog.
  6883 | D:6      | Noticed cobaltphoenix's ghost (amateur OpFi)
  7023 | D:4      | Reached skill level 5 in Maces & Flails
  7031 | D:4      | Killed VictoriousLee's ghost
  7032 | D:4      | Reached XP level 9. HP: 58/69 MP: 9/9
  7517 | D:7      | Reached skill level 6 in Necromancy
  7948 | D:7      | Reached * piety under Kikubaaqudgha
  7948 | D:7      | Identified Kikubaaqudgha's Papyrus of Sinister Rituals
                  | (Kikubaaqudgha gifted it to you on level 7 of the Dungeon)
  7948 | D:7      | Received a gift from Kikubaaqudgha
  7997 | D:7      | Found a sparkling altar of Nemelex Xobeh.
  8686 | D:8      | Noticed Maurice
  8702 | D:8      | Killed Maurice
  9257 | D:9      | Noticed a two-headed ogre
  9526 | D:8      | Killed a two-headed ogre
  9527 | D:8      | Reached skill level 7 in Necromancy
  9527 | D:8      | Gained mutation: Your flesh is cold resistant. (rC+)
                  | [demonic ancestry]
  9527 | D:8      | Reached XP level 10. HP: 38/79 MP: 10/10
 10054 | D:9      | Reached ** piety under Kikubaaqudgha
 10381 | D:9      | Found a staircase to the Lair.
 10570 | D:9      | Got a heavily runed lead ring
 10642 | D:9      | Identified the ring of Quagemac {rPois rF++} (You found it
                  | on level 9 of the Dungeon)
 10667 | D:10     | Entered Level 10 of the Dungeon
 10745 | D:10     | Noticed Josephine
 10767 | D:10     | Killed Josephine
 10768 | D:10     | Reached skill level 8 in Necromancy
 11186 | D:10     | Gained mutation: You are completely covered in large bone
                  | plates. (SH +8) [demonic ancestry]
 11186 | D:10     | Reached XP level 11. HP: 70/86 MP: 11/11
 11563 | D:10     | Found Lietesoz's Gadget Shoppe.
 11568 | D:10     | Bought a wand of acid (9) for 312 gold pieces
 11990 | D:11     | Reached *** piety under Kikubaaqudgha
 11990 | D:11     | Identified Kikubaaqudgha's Guide on Necromancy
                  | (Kikubaaqudgha gifted it to you on level 11 of the Dungeon)
 11990 | D:11     | Received a gift from Kikubaaqudgha
 12232 | D:11     | Noticed a two-headed ogre
 12244 | D:11     | Killed a two-headed ogre
 12324 | D:11     | Noticed a five-headed hydra
 12333 | D:11     | Killed a five-headed hydra
 12545 | D:11     | Found a staircase to the Orcish Mines.
 12556 | D:11     | Noticed a six-headed hydra
 12562 | D:11     | Killed a six-headed hydra
 12563 | D:11     | Reached skill level 9 in Necromancy
 12610 | D:11     | Noticed a centaur warrior
 12621 | D:11     | Killed a centaur warrior
 12652 | D:11     | Noticed a purple ugly thing
 12664 | D:11     | Killed a purple ugly thing
 12830 | D:11     | Noticed a two-headed ogre
 12841 | D:11     | Killed a two-headed ogre
 13933 | D:12     | Gained mutation: You are completely covered in sharp
                  | spines. [demonic ancestry]
 13933 | D:12     | Reached XP level 12. HP: 86/96 MP: 12/12
 13946 | D:12     | Reached **** piety under Kikubaaqudgha
 14282 | D:12     | Found a corrupted altar of Lugonu.
 14668 | D:12     | Reached skill level 10 in Necromancy
 15654 | D:13     | Reached skill level 10 in Fighting
 15890 | D:13     | Noticed a six-headed hydra
 15897 | D:13     | Killed a six-headed hydra
 16480 | D:13     | Found a portal to a secret trove of treasure.
 16714 | D:14     | Noticed Frances
 16724 | D:14     | Killed Frances
 16996 | D:14     | Found Kethasa's Weapon Boutique.
 17270 | D:14     | Reached ***** piety under Kikubaaqudgha
 17294 | D:14     | Gained mutation: You have a pair of antennae on your head.
                  | [demonic ancestry]
 17294 | D:14     | Reached XP level 13. HP: 51/104 MP: 13/13
 17567 | D:14     | Found Oruedeqi's Book Boutique.
 17595 | D:14     | Got an ichor-stained plate armour
 17730 | D:14     | Got an emerald-encrusted scale mail
 17890 | D:14     | Found Xoipt's Jewellery Boutique.
 18044 | D:14     | Reached skill level 11 in Necromancy
 18126 | D:14     | Found a burning altar of Makhleb.
 18175 | D:14     | Noticed a green death
 18465 | D:14     | Found a gate to the Vaults.
 18765 | D:8      | Upgraded the game from 0.26-a0-1181-gd376ed14c5 to
                  | 0.26-a0-1184-g95e395e029
 18784 | D:8      | Identified the +9 plate armour of Xewk {rC+ Dex+2} (You
                  | found it on level 14 of the Dungeon)
 18799 | D:8      | Identified the cursed +0 scale mail of Baveppas {rF- rN+
                  | Will+} (You found it on level 14 of the Dungeon)
 19244 | D:15     | Entered Level 15 of the Dungeon
 19453 | D:15     | Reached skill level 10 in Shields
 19466 | D:15     | Reached skill level 10 in Armour
 19742 | D:15     | Identified a scroll of acquirement
 19743 | D:15     | Acquired an uncursed staff of death
 19998 | D:15     | Reached skill level 10 in Maces & Flails
 20014 | D:15     | Found a staircase to the Depths.
 20708 | Lair:1   | Entered Level 1 of the Lair of Beasts
 22079 | Lair:2   | Found a runed translucent gate.
 22080 | Lair:2   | Found a runed translucent gate.
 22081 | Lair:2   | Found a runed translucent gate.
 22083 | Lair:2   | Noticed runemasterragnar's ghost (journeyman GnDe)
 22146 | Lair:2   | Reached skill level 1 in Spellcasting
 22146 | Lair:2   | Reached skill level 1 in Translocations
 22473 | Lair:2   | Found a staircase to the Shoals.
 22975 | Lair:1   | You fall into a shaft and drop 1 floor!
 23343 | Lair:1   | Killed runemasterragnar's ghost
 23344 | Lair:1   | Reached skill level 12 in Necromancy
 23761 | Lair:3   | Reached XP level 14. HP: 90/113 MP: 16/16
 24929 | Lair:3   | Noticed Fannar
 24976 | Lair:3   | Killed Fannar
 25270 | Lair:3   | Found a hole to the Spider Nest.
 25896 | Lair:4   | Found the +8 whip "Snakebite" {curare, rPois}
 26538 | Lair:4   | Reached ****** piety under Kikubaaqudgha
 27140 | Lair:5   | Found a runed translucent gate.
 27168 | Lair:5   | Found a runed translucent gate.
 27168 | Lair:5   | Found a runed translucent gate.
 27172 | Lair:5   | Noticed Luam's ghost (journeyman OpFi)
 27172 | Lair:5   | Noticed Bolunijamo's ghost (journeyman GnFi)
 27172 | Lair:5   | Noticed Bolunijamo's ghost (journeyman GnFi)
 27401 | Lair:5   | Reached skill level 13 in Necromancy
 27694 | Lair:5   | Found a viscous altar of Jiyva.
 27694 | Lair:5   | Found a staircase to the Slime Pits.
 27866 | Lair:5   | Gained mutation: Your spells are a little easier to cast,
                  | but a little less powerful. [potion of mutation]
 27866 | Lair:5   | Gained mutation: You are covered in fur. (AC +1) [potion of
                  | mutation]
 27867 | Lair:5   | Lost mutation: Your spells are a little easier to cast, but
                  | a little less powerful. [potion of mutation]
 27867 | Lair:5   | Gained mutation: You are clumsy. (Dex -2) [potion of
                  | mutation]
 27867 | Lair:5   | Gained mutation: Your spells are a little easier to cast,
                  | but a little less powerful. [potion of mutation]
 27867 | Lair:5   | Gained mutation: Your system is resistant to poisons.
                  | (rPois) [potion of mutation]
 27868 | Lair:5   | Lost mutation: You are clumsy. (Dex -2) [potion of
                  | mutation]
 27868 | Lair:5   | Lost mutation: Your spells are a little easier to cast, but
                  | a little less powerful. [potion of mutation]
 27868 | Lair:5   | Lost mutation: Your system is resistant to poisons. (rPois)
                  | [potion of mutation]
 27868 | Lair:5   | Lost mutation: You are covered in fur. (AC +1) [potion of
                  | mutation]
 27868 | Lair:5   | Gained mutation: You have sharp toenails. [potion of
                  | mutation]
 27868 | Lair:5   | Gained mutation: Armour fits poorly on your strangely
                  | shaped body. [potion of mutation]
 27868 | Lair:5   | Gained mutation: Your muscles are strong. (Str +2) [potion
                  | of mutation]
 28172 | Lair:6   | Entered Level 6 of the Lair of Beasts
 28194 | Lair:6   | Noticed Urug
 28217 | Lair:6   | Killed Urug
 29104 | Lair:6   | Found a burning altar of Makhleb.
 29165 | Lair:6   | Gained mutation: You are immune to freezing clouds.
                  | [demonic ancestry]
 29165 | Lair:6   | Reached XP level 15. HP: 84/120 MP: 21/21
 29207 | Lair:6   | Found a gateway to Hell.
 29498 | Lair:6   | Acquired the +2 pair of boots "Xorantit" {rC++ MP+9 Str+6}
 29646 | Lair:6   | Found a shimmering blue altar of Sif Muna.
 29980 | Lair:6   | Received a gift from Kikubaaqudgha
 29987 | Lair:6   | Learned a level 4 spell: Animate Dead
 29992 | Lair:6   | Learned a level 4 spell: Dispel Undead
 29995 | Lair:6   | Learned a level 2 spell: Corpse Rot
 29998 | Lair:6   | Learned a level 2 spell: Sublimation of Blood
 30000 | Lair:6   | Learned a level 1 spell: Pain
 30006 | Lair:6   | Learned a level 5 spell: Agony
 30234 | Shoals:1 | Entered Level 1 of the Shoals
 30301 | Shoals:1 | HP: 4/120 [merfolk javelineer/javelin (16)]
 30669 | Shoals:1 | Found a hide-covered altar of Uskayaw.
 30695 | Shoals:1 | Got a translucent fustibalus
 31335 | Shoals:1 | Reached skill level 14 in Necromancy
 31366 | Shoals:1 | HP: 2/121 [/exploding inner flame (8)]
 31367 | Shoals:1 | Reached skill level 5 in Spellcasting
 31373 | Shoals:1 | HP: 1/121 [snapping turtle (11)]
 31375 | Shoals:1 | Mangled by a snapping turtle

Illustrated notes

Levels and vault maps discovered:
D:1:      minmay_arrival_four_circles, layout_basic
D:2:      minmay_angry_zag, layout_basic, okawaru_gym_becter,
          grunt_ministairs_15, uniq_sigmund
D:3:      layout_loops_corners, grunt_decor_resistance
D:4:      layout_basic, nicolae_overflow_crystal_walls, lemuel_doored_altar,
          gammafunk_ghost_stat_death, serial_shops, nicolae_shop_stone,
          hangedman_decor_peaks_small, uniq_crazy_yiuf_cottage, uniq_ijyb
D:5:      layout_layer_cave, general_overflow_altar, uniq_edmund
D:6:      layout_basic, nicolae_qazlal_general_emergency, temple_statues,
          gammafunk_ghost_necromancy, bloody_trog
D:7:      layout_layer_cave, nemelex_xobeh_ov_fountains_minmay, st_stairs_13
D:8:      layout_basic, columned_hall_lemuel, uniq_maurice
D:9:      layout_rooms, david_lair_shrubbed
D:10:     layout_loops_ring, serial_shops, shop, uniq_josephine
D:11:     layout_loops_ring, david_orc_1_choice
D:12:     kennysheep_kobold_lugonu_temple, layout_small_grid,
          portal_ice_cave_entry_pillars_2
D:13:     layout_roguey, enter_trove_3, introduction_to_nature_1
D:14:     layout_irregular_city, david_vaults_4, serial_column_ruins,
          column_ruins_hut, column_ruins_hut, column_ruins_open_tiny,
          column_ruins_open_small, column_ruins_open_medium_water,
          column_ruins_grid_4, column_ruins_open_medium,
          column_ruins_columns_straight, serial_shops,
          nicolae_shop_behind_doors, nicolae_shop_waterfront, shop,
          minmay_staircase_bubble, makhleb_altar_promises_db, uniq_frances
D:15:     gammafunk_depths_entry_grave, layout_gridville, serial_park_tiny_1
Temple:   nicolae_temple_elliptical
Lair:1:   layout_cave_shapes
Lair:2:   layout_gridlike, elwin_shoals_entry_stream, ebering_ghost_rock_garden,
          beast_lair_carwin_4, infiniplex_staircase_pool, lemuel_fruit_fields
Lair:3:   layout_cave_pods, spider_nest_entry_funnel_web, grunt_megastairs_4,
          uniq_fannar
Lair:4:   minmay_guarded_unrand_snakebite, layout_hall_layers, serial_forest,
          infiniplex_forest_end_1, infiniplex_forest_clump_large,
          infiniplex_forest_end_2, infiniplex_forest_straight_5,
          infiniplex_forest_clump_medium, infiniplex_forest_clump_curved,
          infiniplex_forest_clump_curved, infiniplex_forest_clump_diagonal,
          infiniplex_forest_clump_diagonal, infiniplex_forest_lined_3,
          beast_lair_carwin_5
Lair:5:   layout_loops_ring, dpeg_slime_entry_enclosed_altar,
          gammafunk_ghost_cemetery, grunt_forest_small_clearing_treed
Lair:6:   evil_forest, layout_regular_city, basic_altar, roderic_batcave,
          eino_house_with_fridge, grunt_megastairs_1, uniq_urug
Shoals:1: layout_shoals, nicolae_shoals_circle_sea_wall,
          regret_index_shoals_crete

Skill      XL: |  1  2  3  4  5  6  7  8  9 10 11 12 13 14 15 |
---------------+----------------------------------------------+-----
Maces & Flails | 2 3 4 5 6 7 8 9 10 11 | 11.2
Necromancy     | 1 2 3 4 5 7 8 9 10 12 13 14 | 14.0
Armour         | 3 4 5 6 7 8 9 10 11 | 11.3
Shields        | 3 4 5 6 7 8 9 10 11 | 11.4
Fighting       | 4 5 6 7 8 9 10 11 12 | 12.3
Spellcasting   | 1 4 5 |  5.0
Translocations | 1 2 |  2.0

Action                   |  1- 3 |  4- 6 |  7- 9 | 10-12 | 13-15 || total
-------------------------+-------+-------+-------+-------+-------++-------
Melee: Flail             |    99 |   112 |   192 |   741 |  1148 ||  2292
       Dagger            |       |    64 |   153 |       |       ||   217
       Unarmed           |       |       |    24 |       |       ||    24
       Trident           |       |       |       |     3 |       ||     3
       Whip              |       |       |       |       |   445 ||   445
       Kick              |       |       |       |       |   198 ||   198
Throw: Javelin           |       |       |       |       |     1 ||     1
 Cast: Animate Dead      |       |       |       |       |    10 ||    10
       Pain              |       |       |       |       |     1 ||     1
Invok: Receive Corpses   |       |       |       |       |     8 ||     8
       Receive Necronomi |       |       |       |       |     1 ||     1
Evoke: Wand              |       |       |       |    14 |     3 ||    17
  Use: Potion            |       |       |     1 |     6 |    12 ||    19
       Scroll            |       |       |       |    22 |    24 ||    46
Armor: Scale mail        |    36 |    32 |    37 |       |       ||   105
       Chain mail        |       |       |    57 |    58 |       ||   115
       Plate armour      |       |       |       |   138 |   445 ||   583
Dodge: Dodged            |    25 |    27 |    67 |    55 |   307 ||   481
Block: Kite shield       |    50 |   130 |   318 |   879 |  1836 ||  3213
       Reflection        |       |       |       |    49 |    65 ||   114

Table legend: (Time is in decaauts)
 A = Elapsed time spent in this place.
 B = Non-inter-level travel time spent in this place.
 C = Inter-level travel time spent in this place.
 D = Time resting spent in this place.
 E = Time spent auto-exploring this place.
 F = Levels seen in this place.
 G = Mean time per level.
                   A        B        C        D        E       F      G
               +--------+--------+--------+--------+--------+-----+--------+
         Total |  31340 |  27821 |   3519 |   4359 |  17993 |  23 | 1362.6 |
       Dungeon |  21153 |  18394 |   2759 |   3031 |  11927 |  15 | 1410.2 |
        Temple |    282 |    209 |     73 |      0 |    116 |   1 |  282.0 |
          Lair |   8772 |   8134 |    638 |    748 |   5719 |   6 | 1462.0 |
        Shoals |   1130 |   1081 |     49 |    579 |    231 |   1 | 1130.0 |
               +--------+--------+--------+--------+--------+-----+--------+

Top non-repeatable levels by time:
    D:14: 2171 daAuts
  Lair:3: 1892 daAuts
    D:11: 1772 daAuts
     D:2: 1749 daAuts
  Lair:2: 1739 daAuts
     D:7: 1732 daAuts
  Lair:6: 1710 daAuts
    D:13: 1674 daAuts
    D:12: 1585 daAuts
    D:10: 1540 daAuts
     D:8: 1471 daAuts
  Lair:4: 1404 daAuts
     D:4: 1295 daAuts
  Lair:5: 1295 daAuts
     D:6: 1227 daAuts
